Selects Panzerjäger Kommand Battlegroup
Construct Light Support Kompanie
Selects GrB 39 Grenade Launcher Requisition
Construct Mechanized Kompanie
Selects Crew Shock Tactics
Marder III Tank Destroyer
Marder III Tank Destroyer
Construct Panzerarmee Kommand
Marder III Tank Destroyer
Marder III Tank Destroyer
Selects Anti-tank Overwatch
Selects Defensive Positions
Marder III Tank Destroyer
Marder III Tank Destroyer